Map: Blackburn LE

Players

Probe

  • Race: Protoss Protoss

Seither - Winner!

  • Race: Terran Terran
  • League: Grandmaster

Event: DreamHack SC2 Masters 2021 Summer

VOD

Have the link to the VOD?

Description

Time

  • Played on: May 23, 2021, 5:57 a.m.
  • Length: 7:10

All games in this series

Show
View Real Time Build Order
Export as new Build Order

Probe Protoss 

Build Orders: 1 Gate Expand, Blink Stalkers 

Get SALT Encoding   

  12  0:00  Probe  
  13  0:12  Probe  
  14  0:17  Pylon  
  14  0:24  Probe (Chrono Boost)  
  15  0:36  Probe (Chrono Boost)  
  15  0:37  Gateway  
  16  0:44  Probe (Chrono Boost)  
  16  0:47  Assimilator  
  17  0:51  Probe  
  18  1:03  Probe  
  19  1:15  Probe  
  20  1:24  Cybernetics Core  
  20  1:33  Nexus  
  20  1:36  Probe  
  21  1:43  Pylon  
  21  1:48  Probe  
  21  1:53  Assimilator  
  22  1:59  Adept (Chrono Boost)  
  22  2:00  Probe (Chrono Boost)  
  23  2:06  Warp Gate  
  25  2:12  Probe (Chrono Boost)  
  26  2:19  Probe (Chrono Boost)  
  26  2:21  Stalker  
  29  2:26  Probe  
  30  2:31  Shield Battery  
  30  2:38  Probe  
  31  2:45  Probe  
  31  2:50  Probe (Chrono Boost)  
  33  3:02  Probe x2 (Chrono Boost)  
  33  3:05  Twilight Council  
  34  3:10  Probe (Chrono Boost)  
  34  3:12  Probe (Chrono Boost)  
  36  3:17  Probe  
  37  3:20  Robotics Facility  
  37  3:21  Probe  
  37  3:24  Gateway  
  38  3:29  Probe  
  38  3:33  Probe  
  40  3:35  Blink (Chrono Boost)  
  40  3:37  Gateway  
  40  3:41  Probe  
  41  3:46  Pylon, Probe  
  42  3:53  Probe  
  43  3:58  Probe  
  44  4:05  Probe  
  44  4:07  Pylon  
  44  4:08  Observer (Chrono Boost)  
  44  4:09  Stalker  
  48  4:11  Probe  
  48  4:14  Assimilator  
  49  4:17  Probe  
  49  4:18  Assimilator  
  49  4:20  Stalker  
  49  4:23  Probe  
  53  4:29  Probe, Observer (Chrono Boost)  
  55  4:34  Pylon  
  55  4:35  Probe  
  55  4:37  Stalker  
  55  4:38  Stalker  
  60  4:44  Pylon  
  60  4:45  Observer  
  60  4:48  Probe  
  60  4:52  Probe  
  63  4:57  Pylon  
  63  5:00  Probe  
  63  5:03  Robotics Bay  
  63  5:04  Probe  
  63  5:05  Forge  
  64  5:12  Stalker x2  
  68  5:18  Pylon  
  68  5:23  Zealot  
  68  5:25  Pylon  
  70  5:30  Shield Battery  
  70  5:32  Shield Battery  
  70  5:33  Shield Battery  
  70  5:36  Immortal  
  74  5:45  Zealot x2  
  69  5:57  Stalker  
  69  6:01  Probe  
  69  6:03  Probe  
  39  6:12  Stalker  
  39  6:15  Colossus  
  43  6:21  Stalker  
  45  6:27  Probe  
  45  6:28  Probe  
  47  6:45  Stalker x2  
Show
View Real Time Build Order
Export as new Build Order

Seither Terran - Winner!

Build Orders: Reaper Expand 

Get SALT Encoding   

  12  0:00  SCV  
  13  0:12  SCV  
  14  0:17  Supply Depot  
  14  0:24  SCV  
  15  0:39  SCV  
  15  0:40  Barracks  
  16  0:44  Refinery  
  16  0:51  SCV  
  17  1:02  Supply Depot  
  17  1:03  SCV  
  18  1:15  SCV  
  19  1:27  Reaper  
  19  1:29  Orbital Command  
  20  1:52  Command Center  
  20  1:55  SCV  
  20  1:59  Marine  
  22  2:07  Factory  
  22  2:09  SCV  
  22  2:14  Refinery  
  23  2:25  Barracks Reactor  
  23  2:26  SCV  
  24  2:30  Barracks  
  24  2:38  SCV  
  24  2:41  Barracks  
  25  2:50  SCV  
  26  3:00  Factory Tech Lab  
  26  3:02  Marine x2, SCV  
  29  3:05  Orbital Command  
  29  3:18  SCV  
  29  3:19  Barracks Tech Lab, Siege Tank  
  33  3:24  Marine  
  33  3:25  Orbital Command, Marine  
  35  3:28  Barracks Tech Lab  
  35  3:38  Stimpack, Marine  
  36  3:42  Marine x2  
  36  3:47  SCV  
  39  3:51  Supply Depot  
  39  3:58  Siege Tank  
  42  4:04  Marauder x2  
  42  4:06  Marine  
  46  4:12  Marine  
  46  4:14  Supply Depot, SCV x2  
  49  4:17  Combat Shield  
  49  4:24  Marine  
  49  4:29  Marauder x2  
  54  4:35  Supply Depot, Marine  
  54  4:36  SCV x2  
  57  4:42  Marine  
  58  4:48  Siege Tank  
  58  4:52  Supply Depot, SCV  
  62  4:56  Marine, SCV  
  66  5:00  Marauder x2  
  66  5:06  SCV  
  69  5:08  SCV  
  69  5:13  Marine  
  71  5:14  Marine  
  71  5:19  Supply Depot  
  74  5:21  Marauder x2  
  76  5:31  Marine  
  76  5:32  Marine  
  76  5:45  Bunker  
  76  5:47  Marauder x2  
  76  5:49  Marine x2  
  79  6:00  SCV x2  
  76  6:06  Marine  
  76  6:07  Marine  
  76  6:08  Marauder x2  
  74  6:25  SCV x2  
  73  6:28  Starport  
  73  6:30  Marauder x2  
  73  6:32  Marine x2  
  80  6:36  Siege Tank  
Tags
 
Add a new tag
Caveats
  • Supply blocks, unpowered buildings, or Contaminate may cause inaccurate times.
  • Supply counts are checked every 10 seconds.